 Dungeon Crawl Stone Soup version 0.29-a0-284-gf9362112df (webtiles) character file.

Game seed: 11501410207772542663

224 Bimmy the Skirmisher (level 5, -6/37 HPs)
             Began as a Demonspawn Chaos Knight on Mar 15, 2022.
             Was a Plaything of Xom.
             Mangled by Sigmund
             ... wielding a +0 scythe
              (7 damage)
             ... on level 4 of the Dungeon.
             The game lasted 00:19:16 (3212 turns).

Bimmy the Skirmisher (Demonspawn Chaos Knight)      Turns: 3212, Time: 00:19:17

Health: -6/37      AC:  7    Str: 16    XL:     5   Next: 67%
Magic:  5/5        EV: 12    Int: 28    God:    Xom [.*....]
Gold:   98         SH:  4    Dex: 12    Spells: 4/4 levels left

rFire   + . .      SeeInvis .   B - +8 long sword of Dust {pain, Fragile rPois Int+6}
rCold   . . .      Faith    .   (no shield)
rNeg    . . .      Spirit   .   b - +2 leather armour
rPois   +          Reflect  .   (no helmet)
rElec   .          Harm     .   (no cloak)
rCorr   .          Rampage  .   s - +0 pair of gloves
Will    .....                   q - +0 pair of boots
Stlth   +.........              (no amulet)
HPRegen 0.12/turn               d - +6 ring of intelligence
MPRegen 0.09/turn               (no ring)

@: no status effects
A: ignite blood 1, sturdy frame 1, large bone plates 1, clever 1, fire
resistance 1, frail 1, passive freeze, strong 1, noise suppression
a: Renounce Religion


You were on level 4 of the Dungeon.
You worshipped Xom.
You were a plaything of Xom.
You visited 1 branch of the dungeon, and saw 4 of its levels.

You collected 98 gold pieces.

Inventory:

Hand Weapons
 a - a +0 spear of chaos
 x - the +1 spear of the Candle {holy, rCorr}
   (You found it on level 3 of the Dungeon)

   It has been blessed by the Shining One to cause great damage to the undead
   and demons.
   rCorr:     It protects you from acid and corrosion.
 B - the +8 long sword of Dust (weapon) {pain, Fragile rPois Int+6}
   (You found it on level 4 of the Dungeon)

   In the hands of one skilled in necromantic magic, it inflicts extra damage on
   living creatures.
   Int:       It affects your intelligence (+6).
   rPois:     It protects you from poison.
   Fragile:   It will be destroyed if unequipped.
Missiles
 t - 196 stones
Armour
 b - a +2 leather armour (worn)
 q - a +0 pair of boots (worn)
 s - a +0 pair of gloves (worn)
Magical Staves
 f - a staff of cold
 A - a staff of cold
Jewellery
 d - a +6 ring of intelligence (left hand)
Wands
 m - a wand of flame (11)
Scrolls
 e - a scroll of vulnerability {unknown}
 h - 2 scrolls of fog {unknown}
 i - a scroll of summoning {unknown}
 k - 2 scrolls of identify {unknown}
 r - a scroll of teleportation {unknown}
 u - a scroll of noise
 v - a scroll of blinking {unknown}
 w - a scroll of acquirement {unknown}
 y - a scroll of magic mapping {unknown}
Potions
 g - a potion of haste
 j - 3 potions of flight {unknown}
 l - 2 potions of attraction {unknown}
 n - a potion of cancellation {unknown}
 o - a potion of heal wounds {unknown}
 p - a potion of might
 z - a potion of ambrosia {unknown}
Miscellaneous
 c - a piece from Xom's chessboard (13/15) (quivered)


   Skills:
 + Level 4.1 Fighting
 + Level 3.7 Polearms
 + Level 3.0 Armour
 + Level 2.6 Dodging


You had 4 spell levels left.
You didn't know any spells.
Your spell library was empty.

Dungeon Overview and Level Annotations

Branches:
Dungeon (4/15)
 Temple: D:4-7

Altars:
Dithmenos
Gozag
Hepliaklqana
Kikubaaqudgha
Makhleb
Xom

Shops:
D:2 ?

Annotations:
D:4 Blork the orc, Sigmund


Innate Abilities, Weirdness & Mutations

Your demonic aura sometimes causes spilled blood to erupt in flames.
Your movements are slightly less encumbered by armour. (ER -2)
You are partially covered in large bone plates. (SH +4)
Your mind is acute. (Int +2)
Your flesh is heat resistant. (rF+)
You are frail. (-10% HP)
A frigid envelope surrounds you and freezes all who hurt you.
Your muscles are strong. (Str +2)
You passively dampen the noise of your surroundings.


Message History

Aim: an endoplasm (97% to hit)
The puff of flame hits the endoplasm!
You kill the endoplasm!
Blork the orc barely misses you.
Aiming: Throw Flame
Press: ? - help, Q - select action, (/) - cycle Shift-Dir - straight line, f - Sigmund
Aim: Sigmund, wielding a +0 scythe and wearing a +2 robe of fire resistance (lightly wounded, 64% to hit)
The puff of flame misses Blork the orc.
The puff of flame hits Sigmund.
Sigmund resists.
Sigmund is moderately wounded.
Blork the orc barely misses you.
Blork the orc screams, "I'll drink your blood!
Soon!"
Blork the orc hits you from afar with a +1 trident of freezing!
* * * LOW HITPOINT WARNING * * *
Blork the orc freezes you.
* * * LOW HITPOINT WARNING * * *
Hit: B) +8 long sword of Dust {pain, Fragile rPois Int+6}
Press: ? - help, Dir - move target, f - you, p - Sigmund
Okay, then.
Hit: B) +8 long sword of Dust {pain, Fragile rPois Int+6}
Press: ? - help, Dir - move target, f - you, p - Sigmund
Okay, then.
Non-targeted evoke: piece from Xom's chessboard (15/15)
Press: ? - help, Q - select action, (/) - cycle Dir - look around, f - activate Look: Sigmund, wielding a +0 scythe and wearing a +2 robe of fire resistance (moderately wounded)
You make a move on Xom's chessboard...
Sigmund resists with significant effort.
Sigmund barely misses you.
Blork the orc hits you from afar with a +1 trident of freezing.
* * * LOW HITPOINT WARNING * * *
Blork the orc freezes you.
* * * LOW HITPOINT WARNING * * *
Non-targeted evoke: piece from Xom's chessboard (14/15)
Press: ? - help, Q - select action, (/) - cycle Dir - look around, f - activate Look: Sigmund, wielding a +0 scythe and wearing a +2 robe of fire resistance (moderately wounded)
You make a move on Xom's chessboard...
Blork the orc twists and deforms.
Blork the orc barely misses you.
Sigmund hits you from afar with a +0 scythe!
You die...
Xom snickers!

.## #........##
....###.........#
.................
...>.............
#...............
#.....>........ ...#
#............._ ...
##....@.@........ ..#
###.....o##........
..#####.......## ##......
...##.........######..._.
..............##.........
.........................
.........##..............
.........##.......†......
##<###............#...###


You could see Blork the orc (fast, misshapen) and Sigmund.

Vanquished Creatures
  A scorpion (D:4)
  A howler monkey (D:3)
  Jessica (D:2)
  A gnoll (D:1)
  4 adders
  2 dart slugs (D:1)
  A worm (D:2)
  An orc (D:3)
  7 ball pythons
  6 endoplasms
  4 hobgoblins
  A quokka (D:1)
  6 bats
  2 frilled lizards
  4 goblins
  8 kobolds
  3 rats
53 creatures vanquished.

Vanquished Creatures (others)
  A plant (D:1)
1 creature vanquished.

Grand Total: 54 creatures vanquished

Notes
Turn   | Place    | Note
-------+----------+-------------------------------------------
     0 | D:1      | Bimmy the Demonspawn Chaos Knight began the quest for the
                  | Orb.
     0 | D:1      | Reached XP level 1. HP: 18/18 MP: 1/1
    79 | D:1      | Reached skill level 1 in Dodging
   234 | D:1      | Gained mutation: Your demonic aura sometimes causes spilled
                  | blood to erupt in flames. [demonic ancestry]
   234 | D:1      | Reached XP level 2. HP: 24/24 MP: 2/2
   440 | D:1      | Gained mutation: Your movements are slightly less
                  | encumbered by armour. (ER -2) [demonic ancestry]
   440 | D:1      | Reached XP level 3. HP: 29/29 MP: 3/3
   537 | D:1      | XOM: divination: magic mapping
   605 | D:1      | XOM: silly message
   810 | D:1      | Found a faded altar of an unknown god.
   958 | D:2      | Noticed Jessica
   966 | D:2      | Killed Jessica
  1224 | D:2      | XOM: divination: detect items
  1327 | D:2      | Reached XP level 4. HP: 15/36 MP: 4/4
  1334 | D:2      | XOM: scenery: create altars
  1445 | D:2      | XOM: divination: detect creatures
  1560 | D:2      | XOM: 4-stop teleportation journey
  1692 | D:2      | Found Judux's Magic Scroll Emporium.
  1877 | D:2      | XOM: god gift: 22 stones
  2032 | D:2      | XOM: give mutations
  2032 | D:2      | Gained mutation: Your mind is acute. (Int +2) [Xom's grace]
  2032 | D:2      | Gained mutation: A frigid envelope surrounds you and
                  | freezes all who hurt you. [Xom's grace]
  2032 | D:2      | Gained mutation: You passively dampen the noise of your
                  | surroundings. [Xom's grace]
  2032 | D:2      | Gained mutation: You are partially covered in large bone
                  | plates. (SH +4) [Xom's grace]
  2170 | D:2      | XOM: give mutation
  2170 | D:2      | Gained mutation: Your flesh is heat resistant. (rF+) [Xom's
                  | grace]
  2179 | D:2      | XOM: cloud trail
  2245 | D:3      | Found an ancient bone altar of Kikubaaqudgha.
  2245 | D:3      | Found an opulent altar of Gozag.
  2251 | D:3      | Found a faded altar of an unknown god.
  2253 | D:3      | Found a shadowy altar of Dithmenos.
  2255 | D:3      | Found a burning altar of Makhleb.
  2327 | D:3      | XOM: scenery: create altars
  2359 | D:3      | Identified the +1 spear of the Candle {holy, rCorr}
  2517 | D:3      | XOM: noise
  2667 | D:3      | Reached XP level 5. HP: 42/42 MP: 5/5
  2977 | D:3      | XOM: give mutations
  2977 | D:3      | Gained mutation: Your muscles are strong. (Str +2) [Xom's
                  | mischief]
  2977 | D:3      | Gained mutation: You are frail. (-10% HP) [Xom's mischief]
  3148 | D:4      | Reached skill level 4 in Fighting
  3170 | D:4      | Identified the +8 long sword of Dust {pain, Fragile rPois
                  | Int+6}
  3188 | D:4      | Noticed Sigmund
  3189 | D:4      | Found a hazy altar of Hepliaklqana.
  3193 | D:4      | Noticed Blork the orc
  3208 | D:4      | Found a shimmering altar of Xom.
  3211 | D:4      | HP: 1/37 [Blork the orc/+1 trident of freezing (1)]
  3212 | D:4      | Mangled by Sigmund

Illustrated notes

Levels and vault maps discovered:
D:1:      co_arrival_square_in_a_square_in_a_square, layout_loops_ring,
          shapermc_ecumenical_altar_acropolis, minmay_misc_feat_five,
          minmay_misc_feat_more_columns, minivault_11
D:2:      layout_basic, serial_shops, nicolae_shop_stone,
          hangedman_abyss_or_decor_lesser_grid, nrook_mini_backslash,
          uniq_jessica
D:3:      layout_loops_ring, chequers_temple_overflow_minitemple, nrook_uturn
D:4:      layout_layer_cave, grunt_temple_overflow_open, dk_noncrumbling_2,
          uniq_blork_the_orc, uniq_natasha, uniq_ijyb, uniq_sigmund

Skill      XL: |  1  2  3  4  5 |
---------------+----------------+-----
Dodging        | 1 2 |  2.6
Armour         | 2 3 |  3.0
Polearms       | 3 |  3.7
Fighting       | 4 |  4.1

Action                   |  1- 3 |  4- 6 || total
-------------------------+-------+-------++-------
Melee: Spear             |    81 |    59 ||   140
       Long sword        |       |     9 ||     9
       Punch             |       |     1 ||     1
Evoke: Piece from Xom's  |       |     3 ||     3
       Wand              |       |     8 ||     8
  Use: Scroll            |       |     2 ||     2
 Stab: Petrified         |     5 |       ||     5
       Sleeping          |       |     3 ||     3
       Confused          |       |     1 ||     1
Armor: Leather armour    |    21 |    16 ||    37
Dodge: Dodged            |    16 |    29 ||    45
Block: Other             |       |     9 ||     9

Table legend: (Time is in decaauts)
 A = Elapsed time spent in this place.
 B = Non-inter-level travel time spent in this place.
 C = Inter-level travel time spent in this place.
 D = Time resting spent in this place.
 E = Time spent auto-exploring this place.
 F = Levels seen in this place.
 G = Mean time per level.
                   A        B        C        D        E       F      G
               +--------+--------+--------+--------+--------+-----+--------+
         Total |   3208 |   2650 |    558 |      0 |   2220 |   4 |  802.0 |
       Dungeon |   3208 |   2650 |    558 |      0 |   2220 |   4 |  802.0 |
               +--------+--------+--------+--------+--------+-----+--------+

Top non-repeatable levels by time:
     D:2: 1347 daAuts
     D:3: 948 daAuts
     D:1: 836 daAuts
     D:4: 76 daAuts
